 Dungeon Crawl Stone Soup version 0.31.0-11-ge490571c62 (webtiles) character file.

Game seed: 440701209726645284

1580 qw the Skirmisher (level 8, -1/46 HPs)
             Began as a Deep Elf Hunter on Feb 4, 2024.
             Was a Follower of Okawaru.
             Shot with an arrow by a centaur (9 damage)
             ... while paralysed by a centaur
             ... on level 6 of the Dungeon.
             The game lasted 00:00:27 (4367 turns).

qw the Skirmisher (Deep Elf Hunter)                 Turns: 4367, Time: 00:00:27

Health: -1/46      AC: 10    Str: 10    XL:     8   Next: 60%
Magic:  12/12      EV:  2    Int: 15    God:    Okawaru [*.....]
Gold:   147        SH:  0    Dex: 24    Spells: 7/7 levels left

rFire   . . .        q - +0 arbalest (freeze)
rCold   . . .        (shield currently unavailable)
rNeg    . . .        f - +0 ring mail
rPois   .            j - +0 helmet
rElec   .            b - +0 cloak
rCorr   .            c - +2 pair of gloves
SInv    .            (no boots)
Will    .....        (no amulet)
Stlth   ++           g - +6 ring of dexterity
HPRegen 0.27/turn    (no ring)
MPRegen 0.13/turn

%: no passive effects
@: paralysed
A: no striking features
a: Renounce Religion, Heroism


You were on level 6 of the Dungeon.
You worshipped Okawaru.
Okawaru was aware of your devotion.
You visited 2 branches of the dungeon, and saw 7 of its levels.

You collected 147 gold pieces.


   Skills:
 - Level 3.2 Fighting
 - Level 12.1 Ranged Weapons
 - Level 2.0 Armour
 + Level 5.2 Dodging
 - Level 1.2 Stealth
 + Level 3.5 Invocations


You had 7 spell levels left.
You didn't know any spells.
Your spell library was empty.

Inventory:

Hand Weapons
 q - a +0 arbalest of freezing (weapon)
Armour
 b - a +0 cloak (worn)
 c - a +2 pair of gloves (worn)
 f - a +0 ring mail (worn)
 j - a +0 helmet (worn)
Jewellery
 e - a ring of ice
 g - a +6 ring of dexterity (left hand)
Wands
 i - a wand of mindburst (21)
 l - a wand of polymorph (5)
Scrolls
 o - a scroll of torment {unknown}
 s - a scroll of identify
Potions
 d - a potion of cancellation
 h - a potion of mutation
 k - a potion of lignification {unknown}
 m - a potion of attraction {unknown}
 n - a potion of brilliance {unknown}
 p - a potion of enlightenment {unknown}
 r - a potion of experience {unknown}

Dungeon Overview and Level Annotations

Branches:
Dungeon (6/15)             Temple (1/1) D:4

Altars:
Ashenzari
Dithmenos
Elyvilon
Gozag
Hepliaklqana
Kikubaaqudgha
Makhleb
Nemelex Xobeh
Okawaru
Qazlal
Ru
Sif Muna
Uskayaw
Vehumet
Xom
Yredelemnul
Zin
The Shining One

Annotations:
D:4 1 runed translucent door, exclusions: 3 goblins and 14 hobgoblins, qw's ghost, amateur DEHu
D:6 exclusion: 3 centaurs


Message History

The centaur is severely wounded.
The centaur wields a +0 shortbow.
The centaur shoots an arrow.
The arrow completely misses you.
The centaur shoots an arrow.
The arrow completely misses you.
The centaur shouts!
You hear a shout!
You shoot a bolt. The bolt hits the centaur!!
The bolt freezes the centaur.
You kill the centaur!
Okawaru accepts your kill.
The centaur shoots an arrow.
The arrow hits you but does no damage.
The centaur shoots an arrow.
The arrow closely misses you.
You hear a shout!
You shoot a bolt. The bolt hits the centaur.
The bolt freezes the centaur.
The centaur is lightly wounded.
The centaur shoots an arrow.
The arrow misses you.
The centaur shoots an arrow.
The arrow barely misses you.
The centaur shoots an arrow.
The arrow hits you!
You shoot a bolt. The bolt hits the centaur!!
The bolt freezes the centaur!
You kill the centaur!
Okawaru accepts your kill.
The centaur shoots an arrow.
The arrow barely misses you.
The centaur shoots an arrow.
The arrow hits you.
The centaur zaps a wand.
You easily resist.
Your Invocations skill increases to level 3!
You shoot a bolt. The centaur shouts!
The bolt hits the centaur!!
The bolt freezes the centaur!
You kill the centaur!
Okawaru accepts your kill.
The centaur zaps a wand.
You suddenly lose the ability to move!
The centaur shoots an arrow.
The arrow hits you but does no damage.
The centaur shouts!
Your Dodging skill increases to level 5!
The centaur shoots an arrow.
The arrow hits you!
The centaur shoots an arrow.
The arrow completely misses you.
The centaur shoots an arrow.
The arrow hits you!
The centaur shoots an arrow.
The arrow hits you but does no damage.
The centaur wields a +0 orcbow.
The centaur shoots an arrow.
The arrow hits you.
The centaur shoots an arrow.
The arrow hits you!
The centaur shoots an arrow.
The arrow hits you.
The centaur shoots an arrow.
The arrow hits you!
You die...

#.# #.#
#.# #.##
## #..#
###...
##.##....
# #.#..# ~
#...# ~
##.@# ~
##..~~~c)#
~
##.~~~c).
~~ ~~~~c..
~~ ~~~~~..
#..~~~
~~~~~..
...~~~
~~~~~~. .
..~~~~
~~~~~~~
cc~~~~~~
~~~~~~~~


You could see 3 centaurs.

Vanquished Creatures
  Sigmund (D:2)
  Edmund (D:4)
  A black bear (D:4)
  An ice beast (D:6)
  A sky beast (D:4)
  2 ogres
  3 centaurs (D:6)
  A phantom (D:5)
  A scorpion (D:5)
  2 hounds
  A bombardier beetle (D:5)
  4 iguanas
  Jessica (D:2)
  An orc wizard (D:4)
  Terence (D:2)
  Robin (D:4)
  3 gnolls (D:5)
  7 adders
  A white imp (D:5)
  2 dart slugs
  2 ribbon worms
  9 orcs
  8 bats
  8 endoplasms
  7 giant cockroaches
  14 goblins
  11 hobgoblins
  4 jackals (D:1)
  7 kobolds
  3 quokkas
  4 ball pythons (D:3)
  8 frilled lizards
  6 rats
127 creatures vanquished.

Notes
Turn   | Place    | Note
-------+----------+-------------------------------------------
     0 | D:1      | qw the Deep Elf Hunter began the quest for the Orb.
     0 | D:1      | Reached XP level 1. HP: 12/12 MP: 3/3
     0 | D:1      | 0 ||| qw: Version: 0.3-a-160-g6735b56
     0 | D:1      | 0 ||| qw: Game counter: 5571
     0 | D:1      | 0 ||| qw: Melee chars always use a shield: true
     0 | D:1      | 0 ||| qw: God list: Okawaru
     0 | D:1      | 0 ||| qw: Allow faded altars: false
     0 | D:1      | 0 ||| qw: Do Orc after clearing Dungeon:15 true
     0 | D:1      | 0 ||| qw: Do second Lair branch before Depths: true
     0 | D:1      | 0 ||| qw: Lair rune preference: random
     0 | D:1      | 0 ||| qw: Goals: Normal
     0 | D:1      | 0 ||| PLANNING D:1-11
    54 | D:1      | Reached XP level 2. HP: 15/16 MP: 4/4
    55 | D:1      | Reached skill level 6 in Ranged Weapons
   251 | D:1      | Reached XP level 3. HP: 20/20 MP: 5/5
   432 | D:1      | 432 ||| UPGRADING to +0 ring mail.
   442 | D:1      | 442 ||| DROPPING +0 leather armour.
   443 | D:1      | 443 ||| UPGRADING to +6 ring of dexterity.
   444 | D:1      | 444 ||| READING scroll labelled RENWEMMEIN.
   445 | D:1      | 445 ||| DROPPING scroll of butterflies.
   460 | D:2      | Noticed Sigmund
   465 | D:2      | 465 ||| STAIRDANCE
   504 | D:2      | 504 ||| STAIRDANCE
   540 | D:2      | Killed Sigmund
   541 | D:2      | Reached skill level 9 in Ranged Weapons
   541 | D:2      | Reached XP level 4. HP: 25/25 MP: 6/6
   541 | D:2      | Reached XP level 5. HP: 29/29 MP: 7/7
   558 | D:2      | Noticed Jessica
   566 | D:2      | Killed Jessica
   567 | D:2      | Reached skill level 3 in Dodging
   578 | D:2      | Noticed Terence
   587 | D:2      | Killed Terence
   593 | D:2      | Reached XP level 6. HP: 30/35 MP: 8/8
   913 | D:2      | Found a faded altar of an unknown god.
   944 | D:2      | 944 ||| UPGRADING to +0 pair of gloves.
   949 | D:2      | 949 ||| READING scroll of identify.
   949 | D:2      | 949 ||| IDENTIFYING fizzy ruby potion
   950 | D:2      | 950 ||| READING scroll labelled FUYSUFR ICVUASH.
   950 | D:2      | 950 ||| ENCHANTING +0 pair of gloves.
   951 | D:2      | 951 ||| READING scroll labelled TYUW ATOAK WYN.
   989 | D:3      | 989 ||| READING scroll of enchant armour.
   989 | D:3      | 989 ||| ENCHANTING +1 pair of gloves.
  1433 | D:3      | 1433 ||| UPGRADING to +0 cloak.
  1878 | D:3      | 1878 ||| READING scroll of identify.
  1878 | D:3      | 1878 ||| IDENTIFYING clear potion
  1959 | D:4      | Identified the +6 dagger "Demon's Foe" {freeze, Will+ MP+9}
  2011 | D:4      | Reached skill level 10 in Ranged Weapons
  2011 | D:4      | 2011 ||| FLEEEEING.
  2012 | D:4      | 2012 ||| FLEEEEING.
  2013 | D:4      | 2013 ||| FLEEEEING.
  2014 | D:4      | 2014 ||| FLEEEEING.
  2063 | D:4      | Reached XP level 7. HP: 40/40 MP: 9/9
  2133 | D:4      | Found a runed translucent door.
  2133 | D:4      | Noticed qw's ghost (amateur DEHu)
  2294 | D:4      | 2294 ||| DRINKING potion of curing.
  2294 | D:4      | 2294 ||| (to cure confusion)
  2473 | D:4      | Noticed Edmund
  2484 | D:4      | HP: 7/40 [Edmund/+1 heavy dire flail (15)]
  2485 | D:4      | Killed Edmund
  2651 | D:4      | Found a staircase to the Ecumenical Temple.
  2652 | D:4      | 2652 ||| PLANNING TEMPLE
  2652 | D:4      | 2652 ||| READING scroll of identify.
  2652 | D:4      | 2652 ||| IDENTIFYING bubbling blue potion
  2653 | D:4      | 2653 ||| READING scroll labelled YNAERCHUARU.
  2754 | D:4      | 2754 ||| READING scroll labelled WUNULE BOUSYNK.
  2761 | Temple   | Entered the Ecumenical Temple
  2762 | Temple   | 2762 ||| PLANNING D:1-11
  2829 | D:4      | Found an iron altar of Okawaru.
  2830 | D:4      | 2830 ||| PLANNING OKAWARU WORSHIP
  2830 | D:4      | 2830 ||| READING scroll labelled SITEET WOFOH.
  2830 | D:4      | 2830 ||| BRANDING +0 shortbow.
  2841 | D:4      | Noticed Robin
  2842 | D:4      | Became a worshipper of Warmaster Okawaru
  2843 | D:4      | 2843 ||| PLANNING D:1-11
  2872 | D:4      | 2872 ||| FLEEEEING.
  2873 | D:4      | 2873 ||| FLEEEEING.
  2874 | D:4      | 2874 ||| FLEEEEING.
  2875 | D:4      | 2875 ||| FLEEEEING.
  2876 | D:4      | Killed Robin
  3040 | D:4      | Reached skill level 11 in Ranged Weapons
  3274 | D:4      | 3274 ||| UPGRADING to +0 helmet.
  3319 | D:5      | Entered Level 5 of the Dungeon
  3491 | D:5      | Found a burning altar of Makhleb.
  3491 | D:5      | Found a broken altar of Ashenzari.
  3656 | D:5      | Found a white marble altar of Elyvilon.
  3675 | D:5      | Reached XP level 8. HP: 44/44 MP: 10/10
  3699 | D:5      | Reached skill level 12 in Ranged Weapons
  3844 | D:5      | Reached * piety under Okawaru
  3860 | D:5      | Reached skill level 1 in Invocations
  4064 | D:5      | 4064 ||| READING scroll labelled SAGUFA ZIKA.
  4065 | D:5      | 4065 ||| READING 2 scrolls labelled KYLENE UR SYAQ.
  4146 | D:6      | HP: 5/45 [centaur/arrow (10)]
  4147 | D:6      | 4147 ||| READING scroll of teleportation.
  4313 | D:6      | 4313 ||| SWAPPING to +0 arbalest of freezing.
  4314 | D:6      | 4314 ||| DROPPING +0 shortbow of draining.
  4326 | D:6      | Reached skill level 3 in Fighting
  4364 | D:6      | Reached skill level 3 in Invocations
  4364 | D:6      | Paralysed by a centaur for 4 turns
  4366 | D:6      | HP: 8/46 [centaur/arrow (5)]
  4367 | D:6      | Shot with an arrow by a centaur

Levels and vault maps discovered:
D:1:      minmay_arrival_stone_box, layout_rooms
D:2:      layout_rooms, shapermc_ecumenical_altar_pompeii, uniq_terence,
          uniq_sigmund, uniq_jessica
D:3:      layout_basic, serial_co_window_serial, co_window_corner_a,
          co_window_corner_a, co_window_corner_a, co_window_paths_a,
          co_window_corner_a, co_window_cross_1, co_window_corner_a,
          co_window_corner_b, co_window_broadway_c, co_window_cross_2,
          co_window_broadway_c, co_window_paths_c, co_window_corner_ca,
          grunt_ministairs_8
D:4:      layout_cave_pods, mainiacjoe_overflow_catwalk,
          minmay_temple_entry_arrows, hellmonk_ghost_happy_afterlife,
          grunt_ministairs_6, kennysheep_generic_room_4, uniq_edmund, uniq_robin
D:5:      layout_cave_pods, mainiacjoe_overflow_tiny_flanked,
          gammafunk_temple_overflow_elements
D:6:      layout_basic, kennysheep_slug_shrine, centaur_isle
Temple:   nicolae_temple_two_arcs

Skill      XL: |  1  2  3  4  5  6  7  8 |
---------------+-------------------------+-----
Ranged Weapons | 6 9 10 11 12 | 12.1
Dodging        | 3 4 5 |  5.2
Fighting       | 2 3 |  3.2
Armour         | 2 |  2.0
Invocations    | 3 |  3.5
Stealth        | |  1.2

Action                     |  1- 3 |  4- 6 |  7- 9 || total
---------------------------+-------+-------+-------++-------
   Fire: Shortbow          |    83 |   122 |   189 ||   394
         Arbalest          |       |       |     9 ||     9
    Use: Scroll            |     1 |     5 |     7 ||    13
         Potion            |       |       |     1 ||     1
 Armour: Leather armour    |    14 |       |       ||    14
         Ring mail         |     6 |    22 |    83 ||   111
  Dodge: Dodged            |    17 |    23 |    78 ||   118

Table legend:
 A = Non-vault XP
 B = Vault XP
 C = Vault XP percentage of total XP
 D = Non-vault monster count
 E = Vault monster count
 F = Vault count percentage of total count
                 A         B        C        D         E       F
            +---------+---------+-------+---------+---------+-------
      Total |    1279 |     979 |  43.4 |     103 |      24 |  18.9
            +---------+---------+-------+---------+---------+-------
        D:1 |      58 |       0 |   0.0 |      35 |       0 |   0.0
        D:2 |      41 |     304 |  88.1 |       9 |       3 |  25.0
        D:3 |      69 |       4 |   5.5 |      25 |       2 |   7.4
        D:4 |     489 |     336 |  40.7 |      20 |      16 |  44.4
        D:5 |     453 |       0 |   0.0 |      12 |       0 |   0.0
        D:6 |     169 |     335 |  66.5 |       2 |       3 |  60.0
            +---------+---------+-------+---------+---------+-------
